 Dungeon Crawl Stone Soup version 0.30-a0-6-g7c9e10e132 (webtiles) character file.

Game seed: 14226424834075410217

82 SensoryNuts the Trooper (level 4, -1/39 HPs)
             Began as a Draconian Fighter on Aug 22, 2022.
             Succumbed to an adder's poison
             ... on level 2 of the Dungeon.
             The game lasted 00:01:29 (1275 turns).

SensoryNuts the Trooper (Draconian Fighter)         Turns: 1275, Time: 00:01:30

Health: -1/39      AC:  6    Str: 21    XL:     4   Next: 21%
Magic:  4/4        EV: 12    Int:  8    God:
Gold:   58         SH:  4    Dex: 10    Spells: 3/3 levels left

rFire   . . .      SeeInvis .    a - +0 war axe
rCold   . . .      Faith    .    b - +0 buckler
rNeg    . . .      Spirit   .    (body armour unavailable)
rPois   .          Reflect  .    (helmet restricted)
rElec   .          Harm     .    (no cloak)
rCorr   .          Rampage  .    g - +0 pair of gloves
Will    .....                    (no boots)
Stlth   +.........               (no amulet)
HPRegen 0.13/turn                (no ring)
MPRegen 0.09/turn                (no ring)

@: lethally poisoned (-1 -> -8)
A: AC +5, unfitting armour, cold-blooded
a: no special abilities


You were on level 2 of the Dungeon.
You visited 1 branch of the dungeon, and saw 2 of its levels.

You collected 58 gold pieces.

Inventory:

Hand Weapons
 a - a +0 war axe (weapon)
Armour
 b - a +0 buckler (worn)
 g - a +0 pair of gloves (worn)
Wands
 h - a wand of light (1)
Scrolls
 d - a scroll of poison {unknown}
 e - a scroll of fear {unknown}
Potions
 c - a potion of might
 f - a potion of cancellation


   Skills:
 + Level 3.6 Fighting
 + Level 3.1 Axes
 + Level 3.2 Dodging
 + Level 0.9 Stealth
 + Level 3.4 Shields


You had 3 spell levels left.
You didn't know any spells.
Your spell library contained the following spells:

 Spells                   Type           Power      Damage    Failure   Level
 Sting                    Tmut/Pois      0%         1d3       50%         1
 Poisonous Vapours        Pois/Air       0%         N/A       65%         2
 Animate Dead             Necr           0%         N/A       99%         4
 Leda's Liquefaction      Hex/Erth       0%         N/A       99%         4
 Olgreb's Toxic Radiance  Pois           0%         N/A       99%         4
 Lee's Rapid Deconstruct  Erth           0%         3d5*      100%        5
 Animate Armour           Summ/Erth      Unusable   N/A       N/A         4

Dungeon Overview and Level Annotations

Branches:
Dungeon (2/15)

Altars:


Innate Abilities, Weirdness & Mutations

Your plain brown scales are hard. (AC +5)
You cannot fit into any form of body armour.
You are cold-blooded and may be slowed by cold attacks.


Message History

You are too injured to fight recklessly!
Unknown command.
Unknown command.
You are too injured to fight recklessly!
You are too injured to fight recklessly!
Unknown command.
You are too injured to fight recklessly!
Unknown command.
You closely miss the adder.
The adder is lightly wounded.
You slash the giant cockroach!
You kill the giant cockroach!
You feel yourself speed up.
You feel sick. The adder bites you but does no damage.
The adder barely misses you. You block the adder's attack.
The adder barely misses you.
You barely miss the adder. x2; You feel sick.
The adder barely misses you. You block the adder's attack. The adder bites you.
You are more poisoned.
The adder poisons you!
You closely miss the adder.
The adder is lightly wounded.
You hit the adder.
You feel sick.
The adder bites you but does no damage. x2
The adder bites you.
* * * LOW HITPOINT WARNING * * *
You are lethally poisoned!
The adder poisons you! The adder barely misses you.
It was a potion of cancellation.
You feel magically purged.
* * * LOW HITPOINT WARNING * * *
You feel very sick. The adder closely misses you. You block the adder's attack.
The adder bites you.
* * * LOW HITPOINT WARNING * * *
You slash the adder!
You kill the adder!
You barely miss the adder.
* * * LOW HITPOINT WARNING * * *
You feel very sick. The adder barely misses you. x2
You die...

......... ....".... #..
.......?# #..######
....#.# ##........ .
...#.######.>.......
...###...##............#
#.....S....# #........#
#.....@....###........#
#..........#........))#
#..........#........÷<#
.:..............#.##..##
#.####.....†....#.###..#
# ....##.........####..
..## ##......#..#####
#.######..##.......###
...#......###.........


You could see an adder.

Vanquished Creatures
  Robin (D:2)
  2 adders
  2 dart slugs (D:1)
  2 bats
  2 endoplasms
  3 giant cockroaches
  8 goblins
  8 hobgoblins
  4 jackals (D:1)
  2 quokkas
  3 ball pythons
  4 frilled lizards
  3 kobolds
  A rat (D:1)
45 creatures vanquished.

Notes
Turn   | Place    | Note
-------+----------+-------------------------------------------
     0 | D:1      | SensoryNuts the Draconian Fighter began the quest for the
                  | Orb.
     0 | D:1      | Reached XP level 1. HP: 19/19 MP: 1/1
   262 | D:1      | Got the Vellum of Lethal Spelunking
   297 | D:1      | Reached XP level 2. HP: 26/26 MP: 2/2
   664 | D:1      | Noticed a shining eye
   671 | D:1      | Noticed a floating eye
   673 | D:1      | Found a faded altar of an unknown god.
   674 | D:1      | Noticed a shining eye
   674 | D:1      | Noticed a shining eye
   684 | D:1      | Reached XP level 3. HP: 28/31 MP: 3/3
   741 | D:2      | Noticed Robin
  1022 | D:2      | Killed Robin
  1023 | D:2      | Reached XP level 4. HP: 14/39 MP: 4/4
  1274 | D:2      | HP: 1/39 [poisoned by an adder]
  1275 | D:2      | Succumbed to an adder's poison

Illustrated notes

Levels and vault maps discovered:
D:1:      psy_arrival_whirlpool, layout_basic,
          hellmonk_ecumenical_altar_watching_god
D:2:      layout_rooms, uniq_robin

Skill      XL: |  1  2  3 |
---------------+----------+-----
Dodging        | 3 |  3.2
Axes           | 3 |  3.1
Fighting       | |  3.6
Stealth        | |  0.9
Shields        | |  3.4

Action                   |  1- 3 |  4- 6 || total
-------------------------+-------+-------++-------
Melee: War axe           |    97 |    17 ||   114
       Tailslap          |     6 |       ||     6
  Use: Potion            |       |     1 ||     1
Armor: Skin              |    44 |    12 ||    56
Dodge: Dodged            |    81 |    20 ||   101
Block: Buckler           |    36 |     9 ||    45

Table legend: (Time is in decaauts)
 A = Elapsed time spent in this place.
 B = Non-inter-level travel time spent in this place.
 C = Inter-level travel time spent in this place.
 D = Time resting spent in this place.
 E = Time spent auto-exploring this place.
 F = Levels seen in this place.
 G = Mean time per level.
                   A        B        C        D        E       F      G
               +--------+--------+--------+--------+--------+-----+--------+
         Total |   1331 |   1331 |      0 |      0 |   1043 |   2 |  665.5 |
       Dungeon |   1331 |   1331 |      0 |      0 |   1043 |   2 |  665.5 |
               +--------+--------+--------+--------+--------+-----+--------+

Top non-repeatable levels by time:
     D:1: 1041 daAuts
     D:2: 290 daAuts
